 Dungeon Crawl Stone Soup version 0.20-a0-217-g17e8ceb (webtiles) character file.

104839 yarg321 the Severer (level 16, -44/103 HPs)
             Began as a Gargoyle Fighter on Nov 29, 2016.
             Was the Champion of Trog.
             Killed from afar by Roxanne (58 damage)
             ... with a crystal spear
             ... on level 4 of the Snake Pit.
             The game lasted 01:17:14 (20801 turns).

yarg321 the Severer (Gargoyle Fighter)             Turns: 20801, Time: 01:17:15

Health: -44/103    AC: 35    Str: 28    XL:     16   Next: 39%
Magic:  16/16      EV:  6    Int: 12    God:    Trog [******]
Gold:   1694       SH: 24    Dex:  9    Spells: 15/15 levels left

rFire  + . .     SeeInvis .     K - +9 war axe of Mucuuf {flame, rF+}
rCold  . . .     Gourm    .     G - +0 plate armour
rNeg   + . .     Faith    +     B - +2 large shield
rPois  ∞         Spirit   .     m - +0 helmet
rElec  +         Reflect  .     S - +0 cloak
rCorr  .         Harm     .     x - +2 pair of gloves
MR     ++...     Rnd*Tele +     n - +0 pair of boots
Stlth  ..........               I - amulet of faith
                                Q - ring of protection from magic
                                v - +4 ring of strength

@: exhausted, very slightly contaminated, slowed, very slow
A: big wings, negative energy resistance 1, electricity resistance, teleportitis
1, unbreathing, petrification resistance, rot immunity, AC +11
a: Fly, Berserk, Trog's Hand, Brothers in Arms, Burn Spellbooks, Renounce
Religion


You were on level 4 of the Snake Pit.
You worshipped Trog.
Trog was exalted by your worship.
You were very hungry.

You visited 4 branches of the dungeon, and saw 24 of its levels.
You also visited: Labyrinth and Sewer.

You collected 2042 gold pieces.
You spent 348 gold pieces at shops.

Inventory:

Hand Weapons
 u - a +4 demon trident of venom
 w - the +5 broad axe "Gargoyle's Death" {chop, *Drain Str+7}
   (Trog gifted it to you on level 3 of the Snake Pit)

   It inflicts extra damage upon your enemies.
   It affects your strength (+7).
   It causes draining when unequipped.
 K - the +9 war axe of Mucuuf (weapon) {flame, rF+}
   (You found it on level 9 of the Dungeon)

   It has been specially enchanted to burn those struck by it, causing extra
   injury to most foes and up to half again as much damage against particularly
   susceptible opponents.
   Big, fiery blades are also staple armaments of hydra-hunters.
   It protects you from fire.
Armour
 m - a +0 helmet (worn)
 n - a +0 pair of boots (worn)
 x - a +2 pair of gloves (worn)
 B - a +2 large shield (worn)
 G - a +0 plate armour (worn)
 S - a +0 cloak (worn)
Jewellery
 d - an uncursed ring of see invisible {unknown}
 s - an uncursed ring of protection from fire {unknown}
 v - a +4 ring of strength (left hand)
 I - an amulet of faith (around neck)
 Q - a ring of protection from magic (right hand)
Wands
 j - a wand of disintegration (17/24)
 l - a wand of digging (4/24)
Scrolls
 e - 9 scrolls of identify
 g - 8 scrolls of remove curse
 h - 2 scrolls of magic mapping
 i - a scroll of fog {unknown}
 o - a scroll of recharging
 q - 2 scrolls of fear
 y - a scroll of acquirement {unknown}
 A - 2 scrolls of noise
 U - 5 scrolls of teleportation
Potions
 k - a potion of cancellation {unknown}
Books
 c - a book of Misfortune

   Spells                             Type                      Level
   a - Confusing Touch                Hexes                        1
   b - Confuse                        Hexes                        3
   c - Gell's Gravitas                Hexes/Translocation          3
   d - Petrify                        Transmutation/Earth          4
   e - Metabolic Englaciation         Hexes/Ice                    5
   f - Yara's Violent Unravelling     Hexes/Transmutation          5
   Trog disapproves of the use of such an item.
 X - a book of Misfortune

   Spells                             Type                      Level
   a - Confusing Touch                Hexes                        1
   b - Confuse                        Hexes                        3
   c - Gell's Gravitas                Hexes/Translocation          3
   d - Petrify                        Transmutation/Earth          4
   e - Metabolic Englaciation         Hexes/Ice                    5
   f - Yara's Violent Unravelling     Hexes/Transmutation          5
   Trog disapproves of the use of such an item.
 Z - the Incunabulum of Beguiling
   (You found it in a labyrinth)

   Spells                             Type                      Level
   a - Confusing Touch                Hexes                        1
   b - Slow                           Hexes                        2
   c - Tukima's Dance                 Hexes                        3
   d - Summon Mana Viper              Hexes/Summoning              5
   e - Discord                        Hexes                        8
   Trog disapproves of the use of such an item.
Comestibles
 a - 2 fruits
 b - a meat ration
 f - 13 bread rations
 p - a slice of pizza
 r - a royal jelly
 t - 5 beef jerkies


   Skills:
 + Level 12.9 Fighting
 + Level 16.6 Axes
 + Level 12.0 Armour
 + Level 16.5 Shields


You had 15 spell levels left.
You didn't know any spells.

Dungeon Overview and Level Annotations

Branches:
Dungeon (13/15)            Temple (1/1) D:4            Lair (6/6) D:8
  Swamp (0/4) Lair:4        Snake (4/4) Lair:3        Slime (0/5) Lair:6
    Orc (0/2) D:9
 Vaults: D:13-14

Altars:
Ashenzari
Cheibriados
Dithmenos
Elyvilon
Fedhas
Gozag
Hepliaklqana
Makhleb
Nemelex Xobeh
Okawaru
Qazlal
Ru
Sif Muna
Trog
Uskayaw
Vehumet
Xom
Yredelemnul
Zin
The Shining One

Shops:
D:6 !   D:8 [   D:12 [   D:13 (

Annotations:
Snake:4 exclusion: Roxanne, Roxanne


Innate Abilities, Weirdness & Mutations

You are resistant to torment.
Your stone body is resilient. (AC +11)
You are immune to poison.
Your large and strong wings let you fly indefinitely.
You resist negative energy. (rN+)
You are resistant to electric shocks. (rElec)
You can survive without breathing.
You are immune to petrification.
You are immune to rotting.
You are occasionally teleported next to monsters.


Message History

You slice Roxanne!! You burn Roxanne.
Roxanne is moderately damaged.
Roxanne asks, "Say, could you scratch my back for me?"
You hit Roxanne.
Roxanne is moderately damaged.
You slash the naga! You burn the naga. You hit Roxanne but do no damage.
Roxanne is moderately damaged.
You hit the naga. You burn the naga. You block the naga's attack. x2
You hit Roxanne but do no damage.
Roxanne is moderately damaged.
You hit the naga. You burn the naga.
You kill the naga!
Trog accepts your kill.
You slash Roxanne! You burn Roxanne.
Roxanne is moderately damaged.
Roxanne casts a spell.
The crystal spear hits you!
Ouch! That really hurt!
You die...

#.......
#......#
#......#
#......#
###......#
........##
#.......#
#.<.)...#
#...@8..#
####...##
##.## .#
.# ##


You could see Roxanne.

Vanquished Creatures
  Nikola (Snake:1)
  Asterion (Snake:1)
  Gastronok (Lair:3)
  A nagaraja (Snake:2)
  Aizul (Snake:1)
  A dire elephant (Lair:6)
  A minotaur (Lab)
  Fannar (D:10)
  A catoblepas (Lair:6)
  9 naga warriors
  6 hydras
  4 anacondas
  2 centaur warriors (D:13)
  A deep troll shaman (Lair:6)
  5 shock serpents
  12 death yaks (Lair:6)
  2 naga sharpshooters
  Nergalle (Lair:1)
  2 salamander mystics (Snake:1)
  An unseen horror (D:13)
  The ghost of ProzacElf the Geomancer, a novice DEEE of Vehumet (D:7)
  A lindwurm (Lair:4)
  6 mana vipers
  3 hill giants
  2 naga ritualists
  4 ugly things
  13 salamanders
  4 oklob plants
  2 cyclopes
  A manticore (Lair:6)
  19 black mambas
  3 guardian serpents
  5 elephants (Lair:6)
  4 centaur zombies
  14 spiny frogs
  8 naga magi
  A torpor snail (Lair:6)
  4 rime drakes (Lair:6)
  6 komodo dragons
  The ghost of deifeln the Cudgeler, an amateur OgHu (D:5)
  6 trolls
  7 polar bears
  A two-headed ogre (D:11)
  21 blink frogs
  7 dream sheep (Lair:6)
  17 hippogriffs
  A vampire (D:12)
  2 shadows (Lab)
  8 wyverns
  8 basilisks
  29 yaks
  4 vampire mosquitoes (D:13)
  3 wargs (D:8)
  14 nagas
  An acid dragon (D:13)
  A hell hound (Lair:6)
  4 orc warriors
  8 porcupines
  13 water moccasins
  An eye of draining (D:11)
  2 phantoms
  2 sky beasts
  4 ice beasts
  7 ogres
  A black bear (D:8)
  A necrophage (D:6)
  13 wolves
  4 centaurs
  10 crocodiles
  5 big kobolds
  9 bullfrogs
  A wyvern zombie (D:10)
  A wyvern skeleton (D:7)
  2 scorpions
  5 killer bees (D:12)
  3 wights (D:10)
  3 howler monkeys (D:11)
  3 electric eels
  4 bullfrog zombies
  A centaur skeleton (D:10)
  2 lava snakes (Lair:2)
  A quasit (D:8)
  8 crimson imps
  2 jellies
  12 orc priests
  9 hounds
  A gnoll shaman (D:8)
  10 orc wizards
  A bullfrog skeleton (D:4)
  4 iguanas
  Natasha (thrice) (D:2)
  10 worker ants
  A statue (D:8)
  10 adders
  8 gnolls (D:8)
  2 oozes
  2 adder skeletons
  An adder zombie (D:6)
  2 worms
  9 leopard geckos
  37 orcs
  7 giant cockroaches
  14 goblins
  6 hobgoblins
  13 jackals
  27 kobolds
  2 quokkas (D:4)
  2 ball pythons
  6 bats
  13 rats
  A bush (Lair:6)
  3 fungi (Lair:6)
  6 plants
628 creatures vanquished.

Vanquished Creatures (others)
  A bush (Lair:6)
  10 fungi
  15 plants
26 creatures vanquished.

Grand Total: 654 creatures vanquished

Notes
Turn   | Place    | Note
-------+----------+-------------------------------------------
     0 | D:1      | yarg321 the Gargoyle Fighter began the quest for the Orb.
     0 | D:1      | Reached XP level 1. HP: 14/14 MP: 1/1
   391 | D:1      | Reached XP level 2. HP: 19/19 MP: 2/2
   768 | D:2      | Found a glowing golden altar of the Shining One.
   791 | D:2      | Found a blossoming altar of Fedhas.
   795 | D:2      | Reached XP level 3. HP: 22/23 MP: 3/3
   846 | D:2      | Noticed Natasha
   855 | D:2      | Killed Natasha
   939 | D:2      | Reached XP level 4. HP: 20/28 MP: 4/4
  1114 | D:2      | Noticed Natasha
  1120 | D:2      | Killed Natasha
  1187 | D:2      | Noticed Natasha
  1205 | D:2      | Killed Natasha
  1205 | D:2      | Reached XP level 5. HP: 28/32 MP: 5/5
  1465 | D:3      | Found a glowing drain.
  1469 | Sewer    | Entered a sewer
  1549 | Sewer    | Noticed a big kobold
  1567 | Sewer    | Killed a big kobold
  1567 | Sewer    | Reached skill level 5 in Shields
  1687 | D:3      | Found a deep blue altar of Sif Muna.
  1794 | D:3      | Reached XP level 6. HP: 37/37 MP: 6/6
  2408 | D:4      | Reached XP level 7. HP: 40/41 MP: 7/7
  2568 | D:4      | Reached skill level 5 in Axes
  2975 | D:4      | Found a staircase to the Ecumenical Temple.
  2980 | Temple   | Entered the Ecumenical Temple
  3218 | Temple   | Became a worshipper of Trog the Wrathful
  3348 | D:5      | Entered Level 5 of the Dungeon
  3615 | D:5      | Found a white marble altar of Elyvilon.
  3940 | D:5      | Noticed deifeln's ghost (amateur OgHu)
  4330 | D:6      | Reached skill level 5 in Armour
  4378 | D:6      | Reached * piety under Trog
  4378 | D:6      | Reached XP level 8. HP: 46/47 MP: 8/8
  4426 | D:6      | Found Piorenex's Distillery.
  4434 | D:6      | Bought a potion of heal wounds for 65 gold pieces
  4434 | D:6      | Bought a potion of heal wounds for 65 gold pieces
  4434 | D:6      | Bought a potion of heal wounds for 65 gold pieces
  4600 | D:6      | Found a glowing silver altar of Zin.
  4602 | D:6      | Found a sacrificial altar of Ru.
  4665 | D:6      | Found a shattered altar of Ashenzari.
  5291 | D:5      | Killed deifeln's ghost
  5319 | D:5      | Found a snail-covered altar of Cheibriados.
  5479 | D:7      | Noticed ProzacElf's ghost (novice DEEE)
  5494 | D:7      | Killed ProzacElf's ghost
  5494 | D:7      | Reached XP level 9. HP: 28/52 MP: 9/9
  5910 | D:8      | Found a staircase to the Lair.
  5917 | D:8      | Reached skill level 5 in Fighting
  6200 | D:8      | Found Sathrergha's Antique Armour Emporium.
  6208 | D:8      | Reached ** piety under Trog
  6210 | D:8      | Bought a large shield for 108 gold pieces
  6543 | D:8      | Found an iron altar of Okawaru.
  6619 | D:8      | Reached XP level 10. HP: 55/60 MP: 10/10
  6695 | D:8      | Found a radiant altar of Vehumet.
  6769 | D:8      | Found a hazy altar of Hepliaklqana.
  7454 | D:9      | Found a staircase to the Orcish Mines.
  7526 | D:9      | Found a bloodstained altar of Trog.
  7639 | D:9      | Reached *** piety under Trog
  7875 | D:9      | Got a pitted war axe
  7877 | D:9      | Identified the +9 war axe of Mucuuf {flame, rF+} (You found it on level 9 of the Dungeon)
  7903 | D:9      | Reached skill level 10 in Axes
  7939 | D:9      | Found a shadowy altar of Dithmenos.
  8110 | D:10     | Entered Level 10 of the Dungeon
  8208 | D:10     | Noticed a white ugly thing
  8221 | D:10     | Killed a white ugly thing
  8450 | D:10     | Noticed Fannar
  8464 | D:10     | Killed Fannar
  8464 | D:10     | Reached XP level 11. HP: 66/66 MP: 11/11
  8591 | D:10     | Noticed a hill giant
  8604 | D:10     | Killed a hill giant
  9036 | D:11     | Noticed a purple ugly thing
  9049 | D:11     | Killed a purple ugly thing
  9109 | D:11     | Noticed a purple ugly thing
  9116 | D:11     | Killed a purple ugly thing
  9117 | D:11     | Noticed a green ugly thing
  9117 | D:11     | Noticed a cyclops
  9125 | D:11     | Killed a green ugly thing
  9125 | D:11     | Reached **** piety under Trog
  9130 | D:11     | Killed a cyclops
  9422 | D:11     | Reached skill level 10 in Shields
 10076 | D:12     | Found Cuxikh's Armour Emporium.
 10085 | D:12     | Bought a +0 cloak for 45 gold pieces
 10161 | D:12     | Reached ***** piety under Trog
 10418 | D:12     | Noticed a cyclops
 10435 | D:12     | Killed a cyclops
 10436 | D:12     | Noticed a hill giant
 10441 | D:12     | Killed a hill giant
 10441 | D:12     | Reached XP level 12. HP: 73/73 MP: 12/12
 10944 | D:13     | Found a stormy altar of Qazlal.
 10945 | D:13     | Noticed a centaur warrior
 10954 | D:13     | Killed a centaur warrior
 10981 | D:13     | Found Coschis's Weapon Shop.
 11465 | D:13     | Noticed a centaur warrior
 11472 | D:13     | Killed a centaur warrior
 11624 | Lair:1   | Entered Level 1 of the Lair of Beasts
 11790 | Lair:1   | Noticed Nergalle
 11802 | Lair:1   | Killed Nergalle
 11895 | Lair:1   | Noticed an eight-headed hydra
 11901 | Lair:1   | Killed a three-headed hydra
 12165 | Lair:1   | Reached XP level 13. HP: 73/80 MP: 13/13
 12248 | Lair:1   | You fall through a shaft!
 12784 | Lair:2   | Reached ****** piety under Trog
 12812 | Lair:2   | Found a bloodstained altar of Trog.
 13435 | Lair:3   | Received a gift from Trog
 13462 | Lair:3   | Noticed Gastronok
 13474 | Lair:3   | Killed Gastronok
 13539 | Lair:3   | Found a staircase to the Snake Pit.
 14381 | Lair:4   | Found a staircase to the Swamp.
 14857 | Lair:5   | Reached skill level 10 in Armour
 15036 | Lair:5   | Reached skill level 10 in Fighting
 15605 | Lair:5   | Gained mutation: Your large and strong wings let you fly indefinitely. [Gargoyle growth]
 15605 | Lair:5   | Reached XP level 14. HP: 81/88 MP: 14/14
 15710 | Lair:5   | Received a gift from Trog
 15771 | Lair:6   | Entered Level 6 of the Lair of Beasts
 15771 | Lair:6   | Found a labyrinth entrance.
 15774 | Lab      | Entered a labyrinth
 15910 | Lab      | Identified the Incunabulum of Beguiling
 16718 | Lair:6   | Received a gift from Trog
 16880 | Lair:6   | Reached skill level 15 in Axes
 17163 | Lair:6   | Found a staircase to the Slime Pits.
 17318 | Lair:6   | Received a gift from Trog
 17521 | Lair:6   | Noticed a dire elephant
 17538 | Lair:6   | Killed a dire elephant
 17715 | Lair:6   | Reached XP level 15. HP: 84/95 MP: 15/15
 18226 | Snake:1  | Entered Level 1 of the Snake Pit
 18359 | Snake:1  | Noticed Aizul
 18388 | Snake:1  | Killed Aizul
 18388 | Snake:1  | Reached skill level 15 in Shields
 18421 | Snake:1  | Noticed Nikola
 18446 | Snake:1  | HP: 3/95 [Nikola/bolt of lightning (4)]
 18448 | Snake:1  | Killed Nikola
 18532 | Snake:1  | Noticed Asterion
 18541 | Snake:1  | Noticed a cacodemon
 18601 | Snake:1  | Gained mutation: You are occasionally teleported next to monsters. [a cacodemon]
 19002 | Snake:1  | Noticed a cacodemon
 19017 | Snake:1  | Killed Asterion
 19663 | Lair:5   | Received a gift from Trog
 19784 | Snake:2  | Noticed a nagaraja
 19794 | Snake:2  | Killed a nagaraja
 20176 | Snake:2  | Reached XP level 16. HP: 37/101 MP: 16/16
 20708 | Snake:3  | Received a gift from Trog
 20720 | Snake:3  | Got a scorched broad axe {god gift}
 20749 | Snake:3  | Identified the +5 broad axe "Gargoyle's Death" {chop, *Drain Str+7} (Trog gifted it to you on level 3 of the Snake Pit)
 20792 | Snake:4  | Entered Level 4 of the Snake Pit
 20792 | Snake:4  | Noticed Roxanne
 20801 | Snake:4  | Killed from afar by Roxanne

Vault maps used:
D:1:      dpeg_arrival_leaves_temple_mockup
D:2:      tso_altar, nicolae_overflow_crystal_walls, uniq_natasha
D:3:      led_sif_book, gup_sewer_entry_bowl, serial_bayou_lagoon_b
D:4:      first_bread
D:5:      slow_altar_2, elyvilon_altar_5
D:6:      ashenzari_altar_1, chequers_temple_overflow_statue_of_worship,
          serial_shops, nicolae_shop_stone
D:7:      kennysheep_mini, serial_bayou_pond_a, nrook_pool_corridor,
          grunt_livestock
D:8:      kennysheep_mini_moat, lemuel_doored_altar, vehumet_statue,
          erik_lair_orcish_takeover, serial_shops, shop_statue
D:9:      grunt_dithmenos_smoke_and_mirrors, orc_0_dummy, trog_hazing_becter
D:10:     uniq_fannar
D:11:     kennysheep_minor_cross, nooodl_food_tri
D:12:     serial_shops, shop
D:13:     serial_shops, shop, nicolae_qazlal_general_emergency
Temple:   compressed_dpeg_triangle_lava_temple
Lair:1:   beast_lair_carwin_large_3, minmay_lair_oklob_chamber, uniq_nergalle
Lair:2:   basic_altar, serial_bayou_pond_c
Lair:3:   dummy_snake_entry, cheibrodos_lair_lostbears, grunt_megastairs_3,
          uniq_gastronok
Lair:4:   swamp_mist, serial_bayou_shore_b, serial_bayou_shore_a
Lair:5:   lemuel_fruit_tree, grunt_megastairs_5, infiniplex_staircase_pool_2
Lair:6:   grunt_lair_end_beastmaster, slime_dummy, lab_entry_generic,
          special_room, lemuel_fruit_fields
Snake:1:  cheibrodos_snake_lava_hold, serial_bayou_shore_b, uniq_nikola,
          uniq_asterion, uniq_aizul
Snake:2:  grunt_ministairs_9
Snake:3:  st_stairs_6
Snake:4:  snake_pit, uniq_saint_roka, uniq_roxanne
Lab:      nicolae_lab_dead_adventurers, labyrinth_glass_1, lab_hedge
Sewer:    kennysheep_pipe_town

Skill      XL: |  1  2  3  4  5  6  7  8  9 10 11 12 13 14 15 16 |
---------------+-------------------------------------------------+-----
Axes           | 2 3 4 5 7 9 10 12 13 14 15 16 | 16.6
Shields        | 4 5 6 7 9 10 12 13 14 16 | 16.5
Armour         | 4 5 6 7 8 9 10 11 12 | 12.0
Fighting       | 4 5 6 7 9 10 11 12 | 12.9

Action                   |  1- 3 |  4- 6 |  7- 9 | 10-12 | 13-15 | 16-18 || total
-------------------------+-------+-------+-------+-------+-------+-------++-------
Melee: War axe           |    90 |   220 |   413 |   570 |   822 |   129 ||  2244
Invok: Berserk           |       |       |     3 |     8 |     5 |     2 ||    18
       Burn Spellbooks   |       |       |       |     1 |     1 |       ||     2
  Use: Scroll            |       |     3 |     1 |     3 |    16 |     2 ||    25
       Potion            |       |       |     1 |     6 |     1 |       ||     8
  Eat: Chunk             |       |     6 |    17 |    20 |    19 |     1 ||    63
       Meat ration       |       |       |       |     1 |       |       ||     1
       Bread ration      |       |       |       |       |     3 |       ||     3
       Fruit             |       |       |       |       |       |     1 ||     1
Armor: Scale mail        |    45 |   129 |   208 |    30 |       |       ||   412
       Plate armour      |       |       |       |   230 |   435 |    59 ||   724
Dodge: Dodged            |    21 |    70 |   128 |    45 |   100 |     8 ||   372
Block: Shield            |    51 |   119 |   180 |       |       |       ||   350
       Large shield      |       |       |    50 |   460 |   866 |   126 ||  1502
